 Dungeon Crawl Stone Soup version 0.26-a0-771-g060e6a62af (webtiles) character file.

Game seed: 16447837092738033809

1746 marklar909 the Ruffian (level 8, -3/61 HPs)
             Began as a Green Draconian Transmuter on Nov 9, 2020.
             Was a Believer of Makhleb.
             Slain by a wraith (9 damage)
             ... on level 6 of the Dungeon.
             The game lasted 00:08:59 (7731 turns).

marklar909 the Ruffian (Green Draconian Transmuter) Turns: 7731, Time: 00:08:59

Health: -3/61      AC:  6    Str: 16    XL:     8   Next: 77%
Magic:  12/14      EV: 17    Int: 13    God:    Makhleb [**....]
Gold:   383        SH:  0    Dex: 11    Spells: 3/16 levels left

rFire    . . .     SeeInvis .     - Unarmed
rCold    . . .     Faith    .   (no shield)
rNeg     . . .     Spirit   .   (armour unavailable)
rPois    +         Reflect  .   (helmet currently unavailable)
rElec    .         Harm     .   (no cloak)
rCorr    .         Rampage  .   (no gloves)
MR       .....                  (boots currently unavailable)
Stlth    ++........             (no amulet)
HPRegen  0.20/turn              j - +4 ring of evasion
MPRegen  0.14/turn              (no ring)

@: appendages, wereblooded, slowed, very slow
A: breathe noxious fumes, unfitting armour, horns 2, talons 2, poison
resistance, cold-blooded, AC +6
a: Breathe Noxious Fumes, End Transformation, Minor Destruction, Renounce
Religion


You were on level 6 of the Dungeon.
You worshipped Makhleb.
Makhleb was pleased with you.
You had grown temporary horns.
You had grown temporary talons.
You visited 1 branch of the dungeon, and saw 6 of its levels.

You collected 383 gold pieces.

Inventory:

Jewellery
 j - a +4 ring of evasion (left hand)
Wands
 g - a wand of paralysis (10)
 t - a wand of polymorph (5)
Scrolls
 b - 5 scrolls of teleportation
 k - 9 scrolls of identify
 m - 3 scrolls of remove curse
 o - 3 scrolls of amnesia {unknown}
 p - 3 scrolls of enchant armour {unknown}
 s - a scroll of fog {unknown}
Potions
 a - 2 potions of mutation {unknown}
 c - a potion of lignification {unknown}
 d - a potion of degeneration {unknown}
 e - 5 potions of curing {unknown}
 f - 4 potions of flight
 h - 4 potions of ambrosia {unknown}
 i - a potion of invisibility {unknown}
 l - 2 potions of brilliance {unknown}
 n - 2 potions of might {unknown}
 q - 2 potions of magic {unknown}
 r - a potion of haste {unknown}


   Skills:
 + Level 1.8 Fighting
 + Level 3.5 Dodging
 + Level 2.4 Stealth
 + Level 6.4 Unarmed Combat
 + Level 4.5 Spellcasting
 + Level 3.3 Translocations
 * Level 5.6 Transmutations
 + Level 3.7 Poison Magic


You had 3 spell levels left.
You knew the following spells:

 Your Spells              Type           Power        Failure   Level
a - Beastly Appendage     Tmut           ###...       1%          1
b - Wereblood             Tmut           ###.....     3%          2
c - Spider Form           Tmut/Pois      ###.......   9%          3
d - Blink                 Tloc           N/A          8%          2
e - Blade Hands           Tmut           ###.......   50%         5

Your spell library contained the following spells:

 Spells                   Type           Power        Failure   Level
 Magic Dart               Conj           #...         21%         1
 Call Imp                 Summ           #.......     30%         2
 Slow                     Hex            #.......     30%         2
 Mephitic Cloud           Conj/Pois/Air  #.......     34%         3
 Conjure Flame            Conj/Fire      #.......     52%         3
 Ice Form                 Ice/Tmut       ##......     52%         4


Dungeon Overview and Level Annotations

Branches:
Dungeon (6/15)             Temple (0/1) D:4

Altars:
Ashenzari
Cheibriados
Elyvilon
Fedhas
Gozag
Makhleb
Sif Muna
Uskayaw
Wu Jian
Yredelemnul
The Shining One

Annotations:
D:2 exclusion: oklob plant
D:4 2 runed translucent doors, killer11drew's ghost, amateur OgFi


Innate Abilities, Weirdness & Mutations

You can breathe blasts of noxious fumes.
Your lurid green scales are hard. (AC +6)
You cannot fit into any form of body armour.
Your system is resistant to poisons. (rPois)
You are cold-blooded and may be slowed by cold attacks.
You have a pair of horns on your head.
You have razor-sharp toenails.


Message History

You feel as though you will be slow longer.
The wraith hits you.
* * * LOW HITPOINT WARNING * * *
You closely miss the wraith. You claw the wraith, but do no damage.
Your headbutt misses the wraith.
You tail-slap the wraith, but do no damage.
The wraith is heavily damaged.
The wraith barely misses you.
You hit the wraith but do no damage.
Your tail-slap misses the wraith.
The wraith is heavily damaged.
The wraith barely misses you.
Unknown command.
The wraith hits you!
* * * LOW HITPOINT WARNING * * *
The wraith drains your vigour!
You feel as though you will be slow longer.
The wraith barely misses you.
Unknown command.
The wraith hits you!
You die...

#.# #..# #.......
####.## #..#
##....... #.....#
##.# ..<......
#.....# #.#
#........ #.....#
#.## ###......
#.....# #..#
....?.... #.....#
##..##########.#####
#.....# #.W........
#. #.....#
#####.#@.##### #
####.##
#.....##.##### #.#
##.#####.....# #.#
#. #.###.###. #.# .#
#......... #.# ##
##.##.### #.# #..#.#
.# ####.## ##.#.#
#.# ......# #.#.#
#.#


You could see a wraith.

Vanquished Creatures
  Eustachio (D:6)
  A sky beast (D:6)
  An orc warrior (D:6)
  A black bear (D:6)
  A phantom (D:5)
  2 centaurs
  2 ogres (D:4)
  A bullfrog (D:6)
  A wyvern skeleton (D:6)
  A scorpion (D:6)
  A howler monkey (D:6)
  A quasit (D:5)
  A hound (D:6)
  5 orc wizards
  3 bullfrog skeletons
  An orc priest (D:5)
  An iguana (D:4)
  3 worker ants
  A hound skeleton (D:5)
  3 gnolls (D:5)
  10 adders
  An ufetubus (D:5)
  3 oozes
  2 worms
  An adder skeleton (D:5)
  2 leopard geckos
  14 orcs
  12 bats
  3 giant cockroaches
  16 goblins
  15 hobgoblins
  7 jackals
  13 kobolds
  3 quokkas
  2 ball pythons (D:1)
  6 frilled lizards
  A jackal skeleton (D:5)
  A leopard gecko skeleton (D:4)
  9 rats
153 creatures vanquished.

Vanquished Creatures (others)
  3 plants (D:5)
3 creatures vanquished.

Grand Total: 156 creatures vanquished

Notes
Turn   | Place    | Note
-------+----------+-------------------------------------------
     0 | D:1      | marklar909 the Draconian Transmuter began the quest for the
                  | Orb.
     0 | D:1      | Reached XP level 1. HP: 16/16 MP: 3/3
    55 | D:1      | Reached XP level 2. HP: 15/23 MP: 5/5
   220 | D:1      | Learned a level 2 spell: Wereblood
   628 | D:1      | Reached XP level 3. HP: 28/28 MP: 4/6
  1029 | D:1      | Learned a level 3 spell: Spider Form
  1069 | D:2      | Found a snail-covered altar of Cheibriados.
  1495 | D:2      | Found a shimmering blue altar of Sif Muna.
  1496 | D:2      | Found a broken altar of Ashenzari.
  1523 | D:2      | Reached XP level 4. HP: 34/35 MP: 4/8
  1679 | D:2      | Found a blossoming altar of Fedhas.
  1698 | D:2      | Noticed an oklob plant
  2425 | D:3      | Reached skill level 1 in Poison Magic
  3348 | D:4      | Found a runed translucent door.
  3348 | D:4      | Found a burning altar of Makhleb.
  3348 | D:4      | Found an ornate altar of the Wu Jian Council.
  3348 | D:4      | Found a basalt altar of Yredelemnul.
  3351 | D:4      | Found a hide-covered altar of Uskayaw.
  3351 | D:4      | Found a blossoming altar of Fedhas.
  3353 | D:4      | Found a white marble altar of Elyvilon.
  3355 | D:4      | Became a worshipper of Makhleb the Destroyer
  3401 | D:4      | Reached XP level 5. HP: 26/40 MP: 6/9
  3609 | D:4      | Noticed killer11drew's ghost (amateur OgFi)
  3650 | D:4      | Noticed an ogre
  3658 | D:4      | Killed an ogre
  3667 | D:4      | Reached XP level 6. HP: 41/47 MP: 7/11
  3742 | D:4      | Found a runed translucent door.
  3791 | D:4      | Reached skill level 4 in Unarmed Combat
  3842 | D:4      | Found a staircase to the Ecumenical Temple.
  4297 | D:4      | Learned a level 2 spell: Blink
  4321 | D:5      | Entered Level 5 of the Dungeon
  4720 | D:5      | Found an opulent altar of Gozag.
  4864 | D:5      | Reached skill level 1 in Translocations
  4864 | D:5      | Your scales start taking on a lurid green colour.
  4864 | D:5      | Reached XP level 7. HP: 49/52 MP: 8/12
  4864 | D:5      | Gained mutation: Your system is resistant to poisons.
                  | (rPois) [Green Draconian growth]
  5112 | D:5      | Found a glowing golden altar of the Shining One.
  5910 | D:5      | Reached skill level 1 in Stealth
  6240 | D:5      | Learned a level 5 spell: Blade Hands
  6253 | D:5      | Reached * piety under Makhleb
  7019 | D:6      | Reached skill level 5 in Transmutations
  7036 | D:6      | Reached skill level 5 in Unarmed Combat
  7137 | D:6      | Reached XP level 8. HP: 60/60 MP: 11/14
  7300 | D:6      | Noticed Eustachio
  7313 | D:6      | Killed Eustachio
  7429 | D:6      | Found an opulent altar of Gozag.
  7497 | D:6      | Reached ** piety under Makhleb
  7497 | D:6      | Reached skill level 6 in Unarmed Combat
  7731 | D:6      | Slain by a wraith

Illustrated notes

Levels and vault maps discovered:
D:1:      giann_horns, layout_loops_ring
D:2:      layout_rooms, nicolae_overflow_crystal_walls,
          gammafunk_temple_overflow_statue, tgw_fedhas
D:3:      lemuel_upstairs_altar, layout_basic, minmay_goblin_kobold_house
D:4:      layout_rooms, grunt_temple_overflow_open, minmay_temple_entry_wispy,
          ebering_ghost_sewer_f
D:5:      corexii_shantytown, layout_basic, tso_oasis_becter, marbit_many_paths,
          kennysheep_pointless_box
D:6:      minmay_cornered_nines, layout_basic, grunt_gozag_statues,
          uniq_eustachio

Skill      XL: |  1  2  3  4  5  6  7  8 |
---------------+-------------------------+-----
Dodging        | 2 3 |  3.5
Poison Magic   | 1 2 3 |  3.7
Spellcasting   | 3 4 |  4.5
Transmutations | 3 4 5 |  5.6
Unarmed Combat | 4 5 6 |  6.4
Translocations | 1 2 3 |  3.3
Stealth        | 1 2 |  2.4
Fighting       | |  1.8

Action                   |  1- 3 |  4- 6 |  7- 9 || total
-------------------------+-------+-------+-------++-------
Melee: Unarmed           |    89 |   158 |   236 ||   483
       Kick              |    21 |    32 |     2 ||    55
       Tailslap          |     8 |    18 |     8 ||    34
       Headbutt          |     7 |    15 |       ||    22
       Punch             |       |     1 |     1 ||     2
 Cast: Beastly Appendage |    29 |    22 |     1 ||    52
       Wereblood         |    10 |    24 |     5 ||    39
       Spider Form       |       |     6 |    30 ||    36
 Abil: Breathe Noxious F |       |       |    12 ||    12
  Use: Scroll            |       |     6 |     2 ||     8
 Stab: Sleeping          |     2 |     1 |     2 ||     5
       Confused          |       |       |     5 ||     5
Armor: Skin              |    37 |    22 |    19 ||    78
Dodge: Dodged            |    65 |    99 |   236 ||   400

Table legend: (Time is in decaauts)
 A = Elapsed time spent in this place.
 B = Non-inter-level travel time spent in this place.
 C = Inter-level travel time spent in this place.
 D = Time resting spent in this place.
 E = Time spent auto-exploring this place.
 F = Levels seen in this place.
 G = Mean time per level.
                   A        B        C        D        E       F      G
               +--------+--------+--------+--------+--------+-----+--------+
         Total |   7700 |   7555 |    145 |    733 |   5645 |   6 | 1283.3 |
       Dungeon |   7700 |   7555 |    145 |    733 |   5645 |   6 | 1283.3 |
               +--------+--------+--------+--------+--------+-----+--------+

Top non-repeatable levels by time:
     D:5: 2493 daAuts
     D:3: 1478 daAuts
     D:1: 1028 daAuts
     D:2: 1022 daAuts
     D:4: 958 daAuts
     D:6: 719 daAuts
